 Dungeon Crawl Stone Soup version 0.30-a0-187-gd9c2deaf24 (webtiles) character file.

Game seed: 7526971558055996328

616 pokeman the Magician (level 7, -10/39 HPs)
             Began as a Deep Elf Hedge Wizard on Oct 3, 2022.
             Mangled by Menkaure (17 damage)
             ... on level 4 of the Dungeon.
             The game lasted 00:11:33 (4436 turns).

pokeman the Magician (Deep Elf Hedge Wizard)        Turns: 4436, Time: 00:11:34

Health: -10/39     AC:  8    Str:  7    XL:     7   Next: 21%
Magic:  15/20      EV: 12    Int: 21    God:
Gold:   192        SH:  0    Dex: 14    Spells: 13/21 levels left

rFire   . . .      SeeInvis .    v - +0 whip (elec)
rCold   . . .      Faith    .    (no shield)
rNeg    . . .      Spirit   .    r - +0 leather armour
rPois   .          Reflect  .    c - +0 hat
rElec   .          Harm     .    n - +0 cloak
rCorr   .          Rampage  .    (no gloves)
Will    .....                    (no boots)
Stlth   ++........               (no amulet)
HPRegen 0.26/turn                f - +4 ring of protection
MPRegen 0.17/turn                (no ring)

@: no status effects
A: no striking features
a: no special abilities


You were on level 4 of the Dungeon.
You visited 1 branch of the dungeon, and saw 4 of its levels.

You collected 192 gold pieces.

Inventory:

Hand Weapons
 v - a +0 whip of electrocution (weapon)
Missiles
 h - 2 curare-tipped darts (quivered)
Armour
 c - a +0 hat (worn)
 n - a +0 cloak (worn)
 r - a +0 leather armour (worn)
 s - an orb of guile
Jewellery
 f - a +4 ring of protection (left hand)
 t - a ring of ice
Wands
 p - a wand of flame (8)
Scrolls
 e - 2 scrolls of vulnerability {unknown}
 i - a scroll of enchant armour {unknown}
 l - a scroll of silence {unknown}
 m - 3 scrolls of immolation {unknown}
 o - a scroll of teleportation {unknown}
Potions
 a - a potion of ambrosia {unknown}
 b - 2 potions of degeneration {unknown}
 d - a potion of magic
 g - 2 potions of curing {unknown}
 j - a potion of heal wounds {unknown}
 q - 2 potions of flight {unknown}
 u - a potion of might {unknown}


   Skills:
 + Level 1.9 Fighting
 - Level 1.0 Armour
 - Level 3.0 Dodging
 - Level 3.0 Stealth
 * Level 7.9 Spellcasting
 + Level 3.7 Conjurations
 - Level 1.1 Summonings
 - Level 1.1 Translocations
 - Level 1.0 Air Magic
 - Level 1.2 Poison Magic
 - Level 2.1 Evocations


You had 13 spell levels left.
You knew the following spells:

 Your Spells              Type           Power      Damage    Failure   Level
a - Magic Dart            Conj           96%        1d7       2%          1
b - Mephitic Cloud        Conj/Pois/Air  16%        N/A       16%         3
c - Call Imp              Summ           12%        N/A       11%         2
d - Blink                 Tloc           24%        N/A       11%         2

Your spell library contained the following spells:

 Spells                   Type           Power      Damage    Failure   Level
 Necrotise                Necr           32%        1d5       12%         1
 Slow                     Hex            32%        N/A       12%         1
 Cigotuvi's Dreadful Rot  Necr/Pois/Air  22%        N/A       13%         2
 Sublimation of Blood     Necr           8%         N/A       19%         2
 Vampiric Draining        Necr           8%         2d6       34%         3
 Passage of Golubria      Tloc           12%        N/A       58%         4
 Petrify                  Tmut/Erth      8%         N/A       75%         4
 Irradiate                Conj/Tmut      8%         3d14      83%         5
 Silence                  Hex/Air        5%         N/A       95%         5
 Agony                    Necr           8%         N/A       97%         5
 Lehudib's Crystal Spear  Conj/Erth      8%         10d3      100%        8


Dungeon Overview and Level Annotations

Branches:
Dungeon (4/15)
 Temple: D:4-7

Altars:

Shops:
D:3 *

Annotations:
D:4 Menkaure


Message History

The magic dart hits Menkaure.
Menkaure is moderately damaged.
Casting: Magic Dart (safe; 2% risk of failure)
Confirm with . or Enter, or press ? or * to list all spells.
Aiming: Magic Dart (safe; 2% risk of failure)
Press: ? - help, Shift-Dir - straight line, f/p - Menkaure
Aim: Menkaure (moderately damaged, 100% to hit)
The magic dart hits Menkaure.
Menkaure is heavily damaged.
Casting: Magic Dart (safe; 2% risk of failure)
Confirm with . or Enter, or press ? or * to list all spells.
Aiming: Magic Dart (safe; 2% risk of failure)
Press: ? - help, Shift-Dir - straight line, f/p - Menkaure
Aim: Menkaure (heavily damaged, 100% to hit)
The magic dart hits Menkaure.
Menkaure is severely damaged.
The dart slug launches a dart at you. The slug dart hits you.
Unknown command.
You barely miss Menkaure.
Menkaure is severely damaged.
Menkaure gestures wildly while chanting.
Menkaure seems to speed up.
The dart slug launches a dart at you.
The slug dart hits you but does no damage.
You hit Menkaure but do no damage.
Menkaure is severely damaged.
Menkaure hits you! x2
* * * LOW HITPOINT WARNING * * *
Unknown command.
Casting: Magic Dart (safe; 2% risk of failure)
Confirm with . or Enter, or press ? or * to list all spells.
Aiming: Magic Dart (safe; 2% risk of failure)
Press: ? - help, Shift-Dir - straight line, f/p - Menkaure
Aim: Menkaure (severely damaged, fast, 100% to hit)
The magic dart hits Menkaure.
Menkaure is severely damaged.
Menkaure's ankle releases a plume of dust as he confides, "I'm not really a mummy, you know."
Menkaure hits you!
You die...

##......##.........
##.......###........
##.........###......
#.....##....##.....
###..w.###...##..##
###..#.#..## ...#
##......# ..#
#...M..## #..[@.##
#...### ##.## ###


You could see Menkaure (fast) and a dart slug.

Vanquished Creatures
  A black bear (D:4)
  A scorpion (D:4)
  2 orc priests (D:4)
  Jessica (D:3)
  4 orc wizards (D:3)
  5 adders (D:2)
  3 gnolls
  3 worms
  A dart slug (D:3)
  11 orcs
  8 bats
  6 endoplasms
  A giant cockroach (D:2)
  4 goblins
  2 hobgoblins (D:1)
  3 jackals (D:1)
  6 ball pythons
  2 frilled lizards
  4 kobolds
  3 rats
71 creatures vanquished.

Vanquished Creatures (collateral kills)
  Edmund (D:4)
  A gnoll (D:2)
2 creatures vanquished.

Grand Total: 73 creatures vanquished

Notes
Turn   | Place    | Note
-------+----------+-------------------------------------------
     0 | D:1      | pokeman the Deep Elf Hedge Wizard began the quest for the
                  | Orb.
     0 | D:1      | Reached XP level 1. HP: 10/10 MP: 7/7
   519 | D:1      | Reached XP level 2. HP: 16/16 MP: 5/9
   674 | D:1      | Reached skill level 5 in Spellcasting
  1138 | D:1      | Reached XP level 3. HP: 20/20 MP: 9/11
  1142 | D:1      | Learned a level 3 spell: Mephitic Cloud
  1145 | D:1      | Learned a level 2 spell: Call Imp
  1148 | D:1      | Learned a level 2 spell: Blink
  1614 | D:2      | Reached skill level 1 in Fighting
  1614 | D:2      | Reached skill level 1 in Armour
  1815 | D:2      | Reached XP level 4. HP: 17/25 MP: 0/13
  2602 | D:3      | Noticed Jessica
  2672 | D:3      | Reached skill level 6 in Spellcasting
  2679 | D:3      | Killed Jessica
  2680 | D:3      | Reached XP level 5. HP: 11/29 MP: 7/15
  2993 | D:3      | Reached skill level 1 in Poison Magic
  3127 | D:3      | Reached skill level 1 in Air Magic
  3323 | D:3      | Found Puextacw's Assorted Antiques.
  3415 | D:3      | Reached XP level 6. HP: 28/34 MP: 9/17
  3585 | D:4      | Noticed Edmund
  3977 | D:4      | Killed Edmund
  3978 | D:4      | Reached skill level 7 in Spellcasting
  3978 | D:4      | Reached skill level 1 in Evocations
  4307 | D:4      | Reached XP level 7. HP: 7/39 MP: 7/20
  4312 | D:4      | Noticed Menkaure
  4436 | D:4      | Mangled by Menkaure

Illustrated notes

Levels and vault maps discovered:
D:1:      elethiomel_arrival_infinity_welcomes_careful_drivers, layout_basic
D:2:      layout_rooms, st_stairs_4
D:3:      layout_rooms, serial_shops, nicolae_shop_waterfront,
          minmay_misc_feat_plants, reono_crystal_passage, uniq_jessica
D:4:      layout_cave_pools, mainiacjoe_overflow_divided_tiny, uniq_edmund,
          uniq_menkaure

Skill      XL: |  1  2  3  4  5  6  7 |
---------------+----------------------+-----
Spellcasting   | 5 6 7 |  7.9
Fighting       | 1 |  1.9
Armour         | 1 |  1.0
Conjurations   | 2 3 |  3.7
Stealth        | 3 |  3.0
Dodging        | 3 |  3.0
Poison Magic   | 1 |  1.2
Air Magic      | 1 |  1.0
Evocations     | 1 2 |  2.1
Summonings     | |  1.1
Translocations | |  1.1

Action                   |  1- 3 |  4- 6 |  7- 9 || total
-------------------------+-------+-------+-------++-------
Melee: Dagger            |     2 |       |       ||     2
       Spear             |    13 |     1 |       ||    14
       Flail             |       |    37 |       ||    37
       Punch             |       |     1 |       ||     1
       Whip              |       |    13 |     2 ||    15
Throw: Dart              |     3 |     1 |       ||     4
 Cast: Magic Dart        |    81 |   142 |    11 ||   234
       Mephitic Cloud    |     3 |    14 |       ||    17
       Call Imp          |     1 |     1 |       ||     2
       Blink             |       |     2 |       ||     2
 Stab: Confused          |     1 |     3 |       ||     4
Armor: Robe              |     5 |     8 |       ||    13
       Leather armour    |       |    23 |     1 ||    24
Dodge: Dodged            |    17 |    47 |       ||    64

Table legend: (Time is in decaauts)
 A = Elapsed time spent in this place.
 B = Non-inter-level travel time spent in this place.
 C = Inter-level travel time spent in this place.
 D = Time resting spent in this place.
 E = Time spent auto-exploring this place.
 F = Levels seen in this place.
 G = Mean time per level.
                   A        B        C        D        E       F      G
               +--------+--------+--------+--------+--------+-----+--------+
         Total |   4460 |   4307 |    153 |    927 |   2605 |   4 | 1115.0 |
       Dungeon |   4460 |   4307 |    153 |    927 |   2605 |   4 | 1115.0 |
               +--------+--------+--------+--------+--------+-----+--------+

Top non-repeatable levels by time:
     D:1: 1457 daAuts
     D:3: 1361 daAuts
     D:2: 1352 daAuts
     D:4: 288 daAuts
